 Dungeon Crawl Stone Soup version 0.27-a0-1101-ge311f74bc8 (webtiles) character file.

Game seed: 13360648059776531187

655 pokeman the Thaumaturge (level 7, -2/39 HPs)
             Began as a Deep Elf Hedge Wizard on Apr 29, 2021.
             Was a Follower of Vehumet.
             Slain by a gnoll shaman
             ... wielding a +0 club
              (11 damage)
             ... on level 5 of the Dungeon.
             The game lasted 00:08:39 (4656 turns).

pokeman the Thaumaturge (Deep Elf Hedge Wizard)     Turns: 4656, Time: 00:08:40

Health: -2/39      AC:  6    Str:  7    XL:     7   Next: 29%
Magic:  17/20      EV: 16    Int: 21    God:    Vehumet [*.....]
Gold:   153        SH:  0    Dex: 14    Spells: 10/22 levels left

rFire    . . .     SeeInvis .   j - +0 short sword (venom)
rCold    . . .     Faith    .   (no shield)
rNeg     . . .     Spirit   .   u - +0 leather armour {rPois}
rPois    +         Reflect  .   c - +0 hat
rElec    .         Harm     .   n - +1 cloak
rCorr    .         Rampage  .   (no gloves)
Will     .....                  z - +0 pair of boots
Stlth    ++........             (no amulet)
HPRegen  0.13/turn              i - +4 ring of evasion
MPRegen  0.17/turn              (no ring)

@: no status effects
A: no striking features
a: Renounce Religion


You were on level 5 of the Dungeon.
You worshipped Vehumet.
Vehumet was aware of your devotion.
You visited 1 branch of the dungeon, and saw 5 of its levels.

You collected 153 gold pieces.

Inventory:

Hand Weapons
 j - a +0 short sword of venom (weapon)
Missiles
 h - 25 bolts
 t - 57 arrows
Armour
 c - a +0 hat (worn)
 n - a +1 cloak (worn)
 u - a +0 leather armour of poison resistance (worn)
 z - a +0 pair of boots (worn)
Magical Staves
 p - a staff of death
 r - a staff of cold
Jewellery
 d - an amulet of faith
 i - a +4 ring of evasion (left hand)
Scrolls
 b - a scroll of vulnerability {unknown}
 f - 3 scrolls of identify {unknown}
 g - 4 scrolls of teleportation {unknown}
 l - 2 scrolls of amnesia {unknown}
 m - a scroll of noise {unknown}
 o - a scroll of fog {unknown}
 s - a scroll of acquirement {unknown}
 v - a scroll of enchant weapon {unknown}
 w - a scroll of torment {unknown}
 y - a scroll of enchant armour {unknown}
Potions
 a - a potion of haste {unknown}
 e - 2 potions of curing {unknown}
 k - a potion of invisibility {unknown}
 q - 3 potions of flight {unknown}
 x - a potion of attraction {unknown}


   Skills:
 + Level 1.7 Fighting
 - Level 1.0 Armour
 - Level 3.0 Dodging
 - Level 3.0 Stealth
 * Level 8.0 Spellcasting
 + Level 3.9 Conjurations
 - Level 1.1 Summonings
 - Level 1.1 Translocations
 + Level 2.3 Fire Magic
 - Level 1.1 Air Magic
 - Level 1.1 Poison Magic
 - Level 1.0 Evocations


You had 10 spell levels left.
You knew the following spells:

 Your Spells              Type           Power      Damage    Failure   Level
a - Magic Dart            Conj           96%        1d7       2%          1
b - Mephitic Cloud        Conj/Pois/Air  17%        N/A       16%         3
c - Call Imp              Summ           13%        N/A       11%         2
d - Blink                 Tloc           N/A        N/A       11%         2
e - Conjure Flame         Conj/Fire      21%        6-21      10%         3
f - Foxfire               Conj/Fire      84%        2x1d8     3%          1

Your spell library contained the following spells:

 Spells                   Type           Power      Damage    Failure   Level
 Slow                     Hex            8%         N/A       17%         2


Dungeon Overview and Level Annotations

Branches:
Dungeon (5/15)             Temple (0/1) D:4

Altars:
Ashenzari
Cheibriados
Elyvilon
Vehumet


Message History

The gnoll shaman closely misses you.
You see here a +0 club.
You barely miss the gnoll shaman.
The gnoll shaman is moderately wounded.
The gnoll shaman seems less confused.
The gnoll shaman misses you.
You barely miss the gnoll shaman.
The gnoll shaman is moderately wounded.
The gnoll shaman hits you with a +0 club.
You hit the gnoll shaman but do no damage.
The gnoll shaman is poisoned.
The gnoll shaman is moderately wounded.
The gnoll shaman misses you.
The gnoll shaman hits you with a +0 club.
* * * LOW HITPOINT WARNING * * *
There is an open door here.
Casting: Mephitic Cloud (quite dangerous; 16% risk of failure)
Confirm with . or Enter, or press ? or * to list all spells.
The spell is quite dangerous to cast (16% risk of failure)!
Continue anyway?
Okay, then.
Casting: Mephitic Cloud (quite dangerous; 16% risk of failure)
Confirm with . or Enter, or press ? or * to list all spells.
The spell is quite dangerous to cast (16% risk of failure)!
Continue anyway?
Aiming: Mephitic Cloud (quite dangerous; 16% risk of failure)
Press: ? - help, Shift-Dir - straight line, f - gnoll shaman
Aim: a gnoll shaman, wielding a +0 club and wearing a +0 leather armour (moderately wounded, very poisoned, chance to affect: 86%)
The ball explodes into a vile cloud!
The stinking cloud engulfs the gnoll shaman but does no damage.
The gnoll shaman is moderately wounded.
The stinking cloud engulfs you but does no damage.
The gnoll shaman is engulfed in noxious fumes.
The gnoll shaman appears confused.
Unknown command.
Unknown command.
You hit the gnoll shaman but do no damage.
The gnoll shaman looks as sick as possible!
The gnoll shaman is heavily wounded.
The gnoll shaman is engulfed in noxious fumes.
The gnoll shaman appears confused.
The gnoll shaman hits you with a +0 club!
You die...

#######
######.....#
#..☼○#.....#
#...g#.....#
#..☼.@.....#
#...)#)....#######
#+#########......#
#......# #......#
#......# #..)...#
##....))####
..........#..##


You could see a gnoll shaman (confused, extremely poisoned).

Vanquished Creatures
  A black bear (D:4)
  A sky beast (D:5)
  2 scorpions (D:4)
  2 hounds
  A jelly (D:5)
  An iron imp (D:4)
  2 orc wizards (D:4)
  5 gnolls (D:5)
  A howler monkey skeleton (D:4)
  4 adders
  An adder skeleton (D:4)
  A worm (D:2)
  A dart slug (D:1)
  18 orcs
  2 bats (D:1)
  4 endoplasms
  3 giant cockroaches
  5 goblins
  6 hobgoblins
  10 jackals
  A quokka (D:1)
  6 ball pythons
  A frilled lizard (D:2)
  3 kobolds
  3 rats (D:1)
85 creatures vanquished.

Vanquished Creatures (others)
  67 foxfires
67 creatures vanquished.

Grand Total: 152 creatures vanquished

Notes
Turn   | Place    | Note
-------+----------+-------------------------------------------
     0 | D:1      | pokeman the Deep Elf Hedge Wizard began the quest for the
                  | Orb.
     0 | D:1      | Reached XP level 1. HP: 10/10 MP: 7/7
   378 | D:1      | Reached XP level 2. HP: 15/15 MP: 4/9
  1046 | D:2      | Reached skill level 5 in Spellcasting
  1202 | D:2      | Found a faded altar of an unknown god.
  1378 | D:2      | Reached XP level 3. HP: 20/20 MP: 8/11
  1389 | D:2      | Learned a level 3 spell: Mephitic Cloud
  1392 | D:2      | Learned a level 2 spell: Call Imp
  1395 | D:2      | Learned a level 2 spell: Blink
  1399 | D:2      | Learned a level 3 spell: Conjure Flame
  1973 | D:3      | Found a radiant altar of Vehumet.
  1980 | D:3      | Became a worshipper of Vehumet
  2443 | D:3      | Found a broken altar of Ashenzari.
  2771 | D:3      | Reached skill level 1 in Fighting
  2776 | D:3      | Reached skill level 1 in Armour
  2813 | D:4      | Reached XP level 4. HP: 6/25 MP: 6/13
  3152 | D:4      | Reached skill level 1 in Fire Magic
  3462 | D:4      | Reached skill level 6 in Spellcasting
  3549 | D:4      | Reached XP level 5. HP: 29/29 MP: 10/15
  3652 | D:4      | Noticed a black bear
  3664 | D:4      | Killed a black bear
  3665 | D:4      | Reached skill level 1 in Air Magic
  3676 | D:4      | Reached * piety under Vehumet
  3676 | D:4      | Offered knowledge of Foxfire by Vehumet.
  3679 | D:4      | Learned a level 1 spell: Foxfire
  3693 | D:4      | Reached XP level 6. HP: 22/34 MP: 0/17
  3830 | D:4      | Reached skill level 7 in Spellcasting
  3940 | D:4      | Found a snail-covered altar of Cheibriados.
  3951 | D:4      | Reached skill level 1 in Poison Magic
  3951 | D:4      | Reached skill level 1 in Evocations
  4245 | D:4      | Found a staircase to the Ecumenical Temple.
  4418 | D:5      | Entered Level 5 of the Dungeon
  4418 | D:5      | Noticed a sky beast
  4425 | D:5      | Killed a sky beast
  4426 | D:5      | Reached XP level 7. HP: 32/38 MP: 16/20
  4605 | D:5      | Found a white marble altar of Elyvilon.
  4646 | D:5      | Reached skill level 8 in Spellcasting
  4656 | D:5      | Slain by a gnoll shaman

Illustrated notes

Levels and vault maps discovered:
D:1:      mrwooster_arrival_statue_2, layout_basic
D:2:      layout_loops_ring, hellmonk_ecumenical_altar_heavens_door
D:3:      layout_basic, ashenzari_altar_1, vehumet_crystals,
          kennysheep_big_empty_room
D:4:      layout_cave_pools, slow_altar_2, minmay_temple_entry_antechambers,
          chequers_arboretum, sigmund_army
D:5:      layout_gridville, old_standard_altar, gup_sewer_entry_glass,
          minmay_misc_feat_diagonals

Skill      XL: |  1  2  3  4  5  6  7 |
---------------+----------------------+-----
Spellcasting   | 5 6 7 8 |  8.0
Conjurations   | 2 3 |  3.9
Fighting       | 1 |  1.7
Armour         | 1 |  1.0
Fire Magic     | 1 2 |  2.3
Dodging        | 3 |  3.0
Stealth        | 3 |  3.0
Air Magic      | 1 |  1.1
Poison Magic   | 1 |  1.1
Evocations     | 1 |  1.0
Summonings     | |  1.1
Translocations | |  1.1

Action                   |  1- 3 |  4- 6 |  7- 9 || total
-------------------------+-------+-------+-------++-------
Melee: Short sword       |    25 |    21 |    20 ||    66
 Cast: Magic Dart        |   106 |    68 |       ||   174
       Call Imp          |       |     1 |       ||     1
       Foxfire           |       |    19 |    18 ||    37
       Mephitic Cloud    |       |     1 |     2 ||     3
       Blink             |       |     1 |       ||     1
 Stab: Sleeping          |     1 |       |       ||     1
       Confused          |       |     1 |     2 ||     3
Armor: Leather armour    |     7 |    16 |     1 ||    24
       Robe              |     1 |       |       ||     1
Dodge: Dodged            |    30 |    26 |    15 ||    71

Table legend: (Time is in decaauts)
 A = Elapsed time spent in this place.
 B = Non-inter-level travel time spent in this place.
 C = Inter-level travel time spent in this place.
 D = Time resting spent in this place.
 E = Time spent auto-exploring this place.
 F = Levels seen in this place.
 G = Mean time per level.
                   A        B        C        D        E       F      G
               +--------+--------+--------+--------+--------+-----+--------+
         Total |   4662 |   4565 |     97 |    251 |   3587 |   5 |  932.4 |
       Dungeon |   4662 |   4565 |     97 |    251 |   3587 |   5 |  932.4 |
               +--------+--------+--------+--------+--------+-----+--------+

Top non-repeatable levels by time:
     D:4: 1403 daAuts
     D:2: 1144 daAuts
     D:3: 1120 daAuts
     D:1: 754 daAuts
     D:5: 240 daAuts
